 Dungeon Crawl Stone Soup version 0.31-a0-1156-g12f98b2 (webtiles) character file.

Game seed: 15616965160305817294

0 PidgeyThePirate the Cudgeller (level 1, 0/17 HPs)
             Began as a Meteoran Reaver on Dec 7, 2023.
             Slain by a ball python (3 damage)
             ... on level 1 of the Dungeon.
             The game lasted 00:00:08 (23 turns).

PidgeyThePirate the Cudgeller (Meteoran Reaver)       Turns: 23, Time: 00:00:09

Health: 0/17       AC:  3    Str: 13    XL:     1   Next: 14%
Magic:  5/5        EV: 11    Int: 14    God:
Gold:   0          SH:  0    Dex: 12    Spells: 4/5 levels left

rFire   . . .        a - +0 mace
rCold   . . .        (no shield)
rNeg    . . .        b - +0 leather armour
rPois   .            (no helmet)
rElec   .            (no cloak)
rCorr   .            (no gloves)
SInv    .            (no boots)
Will    .....        (no amulet)
Stlth   +            (no ring)
HPRegen 0.22/turn    (no ring)
MPRegen 0.09/turn

%: no passive effects
@: glowing
A: sense surroundings 1, otherworldly, glowing, explore regen
a: no special abilities


You were on level 1 of the Dungeon.
You visited 1 branch of the dungeon, and saw 1 of its levels.

Inventory:

Hand Weapons
 a - a +0 mace (weapon)
Armour
 b - a +0 leather armour (worn)


   Skills:
 + Level 2.1 Fighting
 + Level 4.0 Maces & Flails
 + Level 2.1 Dodging
 + Level 2.6 Spellcasting
 + Level 3.6 Conjurations


You had 4 spell levels left.
You knew the following spells:

 Your Spells              Type           Power      Damage    Failure   Level
a - Kiss of Death         Conj/Necr      24%        2d7       14%         1

Your spell library contained the following spells:

 Spells                   Type           Power      Damage    Failure   Level
 Momentum Strike          Conj/Tloc      12%        3d8       21%         2
 Hailstorm                Conj/Ice       6%         3d5       38%         3


Dungeon Overview and Level Annotations

Branches:
Dungeon (1/15) Zot: 575

Altars:


Innate Abilities, Weirdness & Mutations

You passively map a small area around you.
You are easily found by Zot.
You glow in the dark.
You regain HP and MP as you explore.


Message History

Welcome, PidgeyThePirate the Meteoran Reaver.
Will you prevail where others failed? Will you find the Orb of Zot?
Press ? for a list of commands and other information.
Found a staircase leading out of the dungeon.
An endoplasm and a rat come into view.
Found a scroll labelled KAXOUJACE.
The endoplasm quivers.
The rat squeaks loudly.
A ball python comes into view.
The ball python hisses angrily.
The rat bites you.
You completely miss the rat. The rat closely misses you.
You closely miss the rat. The ball python bites you. The ball python grabs you.
The ball python constricts you. The rat closely misses you.
The ball python bites you. The ball python constricts you.
You sock the rat!
You kill the rat!
The ball python bites you. The ball python constricts you.
You escape the ball python's grasp.
The endoplasm freezes you.
You are frozen.
* * * LOW HITPOINT WARNING * * *
The ball python misses you. The ball python barely misses you.
You hit the endoplasm but do no damage.
The endoplasm hits you but does no damage.
The ball python bites you.
You die...

, *###.....# ** #
#.......
#.####...... * *
...........# * *
.....?^...#
.,.......# , , #J
#.....# **
*#.##.@S..# , , ,
#....J...# , , ,
#........# * , *
#.##...#####**..#
, , # #........
..* ** **
#....##..,..
#....# ,,.,, *
#..#......# ,*
##..#.####.# *


You could see an endoplasm and a ball python.

Vanquished Creatures
  A rat (D:1)
1 creature vanquished.

Notes
Turn   | Place    | Note
-------+----------+-------------------------------------------
     0 | D:1      | PidgeyThePirate the Meteoran Reaver began the quest for the
                  | Orb.
     0 | D:1      | Reached XP level 1. HP: 17/17 MP: 5/5
    23 | D:1      | Slain by a ball python

Illustrated notes

Levels and vault maps discovered:
D:1:      amcnicky_arrival_double_pillar, layout_basic, st_stairs_14

Action                     || total
---------------------------++-------
  Melee: Mace              ||     4
 Armour: Leather armour    ||     6
  Dodge: Dodged            ||     4

Table legend: (Time is in decaauts)
 A = Elapsed time spent in this place.
 B = Non-inter-level travel time spent in this place.
 C = Inter-level travel time spent in this place.
 D = Time resting spent in this place.
 E = Time spent auto-exploring this place.
 F = Levels seen in this place.
 G = Mean time per level.
                   A        B        C        D        E       F      G
               +--------+--------+--------+--------+--------+-----+--------+
         Total |     23 |     23 |      0 |      0 |      0 |   1 |   23.0 |
       Dungeon |     23 |     23 |      0 |      0 |      0 |   1 |   23.0 |
               +--------+--------+--------+--------+--------+-----+--------+

Top non-repeatable levels by time:
     D:1: 23 daAuts
